 Dungeon Crawl Stone Soup version 0.30.0-3-ga4e48a9924 (webtiles) character file.

Game seed: 11813916584106558190

26773 13Fox the Severer (level 13, -12/122 HPs)
             Began as a Minotaur Fighter on May 7, 2023.
             Was a Follower of Uskayaw.
             Mangled by Rupert
             ... wielding a +1 battleaxe of holy wrath
              (28 damage)
             ... on level 12 of the Dungeon.
             The game lasted 00:32:26 (9403 turns).

13Fox the Severer (Minotaur Fighter)                Turns: 9403, Time: 00:32:26

Health: -12/122    AC: 20    Str: 25    XL:     13   Next: 0%
Magic:  15/15      EV: 14    Int:  5    God:    Uskayaw [*.....]
Gold:   1295       SH:  5    Dex: 11    Spells: 12/12 levels left

rFire   + . .        a - +0 broad axe (venom)
rCold   . . .        c - +0 buckler
rNeg    . . .        P - +1 plate armour {rF+}
rPois   +            (helmet restricted)
rElec   .            v - +1 cloak
rCorr   .            w - +1 pair of gloves
SInv    .            o - +0 pair of boots
Will    .....        f - amulet of regeneration Stlth
                     k - +5 ring of evasion
HPRegen 1.20/turn    B - ring of poison resistance
MPRegen 0.14/turn

%: no passive effects
@: studying Polearms
A: horns 2, retaliatory headbutt, low MP 1
a: Renounce Religion, Stomp


You were on level 12 of the Dungeon.
You worshipped Uskayaw.
Uskayaw was noncommittal.
You visited 2 branches of the dungeon, and saw 14 of its levels.
You also visited: Bailey.

You collected 1295 gold pieces.

Inventory:

Hand Weapons
 a - a +0 broad axe of venom (weapon)
 b - a +1 flail of protection
 K - a +0 broad axe
Missiles
 t - 28 poisoned darts
 u - a throwing net
 y - 6 silver javelins
 E - 2 boomerangs
 F - 4 javelins
 M - a curare-tipped dart
Armour
 c - a +0 buckler (worn)
 o - a +0 pair of boots (worn)
 v - a +1 cloak (worn)
 w - a +1 pair of gloves (worn)
 P - a +1 plate armour of fire resistance (worn)
Jewellery
 f - an amulet of regeneration (around neck)
 k - a +5 ring of evasion (left hand)
 s - a ring of see invisible
 A - the necklace of Bloodlust {Fury *Rage Will++ Int-3 Slay+6}
   (You found it on level 11 of the Dungeon)

   [amulet of nothing]

   Fury:      It extends the wearer's berserk rage when killing foes.
   Int:       It affects your intelligence (-3).
   Slay:      It affects your accuracy & damage with ranged weapons and melee
   (+6).
   *Rage:     It berserks you when you make melee attacks (+50% chance).
   Will:      It greatly increases your willpower.
 B - a ring of poison resistance (right hand)
 G - a +6 ring of dexterity
 N - a ring of protection from cold
 O - an amulet of magic regeneration
Wands
 j - a wand of quicksilver (25)
 n - a wand of iceblast (8)
 p - a wand of flame (61) (quivered)
 x - a wand of digging (15)
 z - a wand of charming (7)
Scrolls
 d - 2 scrolls of blinking
 e - 3 scrolls of immolation
 g - 4 scrolls of teleportation
 l - a scroll of poison
Potions
 h - 4 potions of curing
 i - 2 potions of cancellation
 m - 2 potions of ambrosia
 q - a potion of lignification
 r - a potion of resistance
 H - a potion of heal wounds
 J - 2 potions of invisibility
 L - a potion of haste {unknown}
Miscellaneous
 C - a lightning rod (4/4)
 D - a phantom mirror
 Q - a box of beasts


   Skills:
 + Level 13.6 Fighting
 - Level 18.0 Axes
 - Level 7.3 Armour
 - Level 6.9 Dodging
 - Level 6.2 Shields
 + Level 7.1 Invocations


You had 12 spell levels left.
You didn't know any spells.
Your spell library contained the following spells:

 Spells                   Type           Power      Damage    Failure   Level
 Freeze                   Ice            0%         1d3       100%        1
 Cigotuvi's Dreadful Rot  Necr/Pois/Air  0%         N/A       100%        2
 Sublimation of Blood     Necr           0%         N/A       100%        2
 Frozen Ramparts          Ice            0%         1d1       100%        3
 Hailstorm                Conj/Ice       0%         3d3       100%        3
 Ignite Poison            Fire/Tmut/Pois 0%         N/A       100%        3
 Stone Arrow              Conj/Erth      0%         3d7       100%        3
 Anguish                  Hex/Necr       0%         N/A       100%        4
 Animate Armour           Summ/Erth      0%         N/A       100%        4
 Passage of Golubria      Tloc           0%         N/A       100%        4
 Petrify                  Tmut/Erth      0%         N/A       100%        4
 Freezing Cloud           Conj/Ice/Air   0%         6-21      100%        5
 Irradiate                Conj/Tmut      0%         3d11      100%        5
 Silence                  Hex/Air        0%         N/A       100%        5
 Enfeeble                 Hex            0%         N/A       100%        7
 Lehudib's Crystal Spear  Conj/Erth      0%         10d2      100%        8


Dungeon Overview and Level Annotations

Branches:
Dungeon (13/15)            Temple (1/1) D:5            Lair (0/5) D:9
    Orc (0/2) D:12         Bailey (visited)
 Vaults: D:13-14

Altars:
Ashenzari
Cheibriados
Dithmenos
Elyvilon
Fedhas
Gozag
Hepliaklqana
Kikubaaqudgha
Makhleb
Nemelex Xobeh
Okawaru
Qazlal
Ru
Sif Muna
Trog
Uskayaw
Vehumet
Wu Jian
Xom
Yredelemnul
Zin
The Shining One

Annotations:
D:11 1 runed translucent door
D:12 Rupert


Innate Abilities, Weirdness & Mutations

You have a pair of horns on your head.
You reflexively headbutt those who attack you in melee.
Your magical capacity is low. (-10% MP)


Message History

Rupert struggles against the net.
Rupert struggles against the net.
Rupert roars madly and goes into a rage!
Rupert goes berserk!
Rupert struggles against the net.
You catch the helpless Rupert completely off-guard!
You hit Rupert.
Rupert is poisoned.
You headbutt Rupert.
Rupert is lightly wounded.
You hit Rupert but do no damage.
Rupert looks as sick as possible!
Rupert is lightly wounded.
Rupert struggles against the net.
The net rips apart, and Rupert comes free!
You hit Rupert. Your headbutt misses Rupert.
Rupert is lightly wounded.
Rupert hits you with a +1 battleaxe of holy wrath!!
You hit Rupert but do no damage.
Rupert is lightly wounded.
Rupert hits you with a +1 battleaxe of holy wrath!!
You closely miss Rupert. You headbutt Rupert.
Rupert is lightly wounded.
Rupert hits you with a +1 battleaxe of holy wrath!!
You don't have any such object.
Fire/throw/use which item? ([*] to toss any item) (? for menu, Esc to quit)
Okay, then.
Throw: 4 throwing nets
Press: ? - help, Shift-Dir - straight line, f/p - Rupert
Aim: Rupert, wielding a +1 battleaxe of holy wrath, wearing a +0 chain mail, wearing a +4 ring of slaying and quivering stones (lightly wounded, berserk, extremely poisoned, 70% to hit)
You throw a throwing net. The throwing net barely misses Rupert.
Rupert hits you with a +1 battleaxe of holy wrath! x2
Throw: 3 throwing nets
Press: ? - help, Shift-Dir - straight line, f/p - Rupert
Aim: Rupert, wielding a +1 battleaxe of holy wrath, wearing a +0 chain mail, wearing a +4 ring of slaying and quivering stones (lightly wounded, berserk, extremely poisoned, 70% to hit)
You throw a throwing net. The throwing net barely misses Rupert.
Rupert hits you with a +1 battleaxe of holy wrath!!
* * * LOW HITPOINT WARNING * * *
Throw: 2 throwing nets
Press: ? - help, Shift-Dir - straight line, f/p - Rupert
Aim: Rupert, wielding a +1 battleaxe of holy wrath, wearing a +0 chain mail, wearing a +4 ring of slaying and quivering stones (lightly wounded, berserk, very poisoned, 70% to hit)
You throw a throwing net. The throwing net barely misses Rupert.
Rupert hits you with a +1 battleaxe of holy wrath!!
You die...

##..... .........#
####.########
##....##.........#
#......[#
......##.........#
#.##.##.# ...........
#....# #.#######
...........##....# #...†#
.................####.###.#
...................)..# .#
.............##.)..##[.# .#
..>..........##.@@###.## .#
................)## #.# .#
...............).# #.# .
.###........##.).# #.#
......))....##)..# #.#
.......).....)...# #.#
......).##...)...#
..##....##.......#
..##....)†.......#


You could see Rupert (berserk, very poisoned).

Vanquished Creatures
  Kirke (D:12)
  An ettin (D:11)
  Josephine (D:12)
  2 hydras (D:11)
  2 boulder beetles
  2 two-headed ogres
  An orc knight (D:11)
  3 deep elf pyromancers
  5 manticores
  A cyclops (D:11)
  2 ugly things
  A centaur zombie (D:10)
  A black mamba (shapeshifter) (D:12)
  A spectral centaur (D:10)
  3 centaur skeletons (D:10)
  Maurice (D:8)
  4 kobold demonologists
  3 unseen horrors
  2 hornets (D:8)
  4 trolls
  Grinder (D:6)
  Sigmund (D:2)
  A vampire (D:11)
  4 shadows (D:11)
  8 wraiths
  4 hogs (D:12)
  2 steam dragons (D:7)
  5 yaks (D:10)
  5 acid dragons
  A water moccasin (D:7)
  10 orc warriors
  2 sky beasts (D:8)
  2 black bears (D:7)
  An ice beast (D:3)
  6 wolves (Bailey)
  2 ogres
  4 centaurs
  A phantom (D:6)
  4 kobold brigands
  4 bullfrogs
  7 gnoll sergeants
  5 scorpions
  8 wights
  25 killer bees
  4 howler monkeys
  5 hounds
  3 jellies
  6 gnoll boudas
  3 orc priests
  A sleepcap (D:7)
  13 orc wizards
  Ijyb (D:3)
  Robin (D:3)
  23 gnolls
  8 adders
  3 shadow imps
  2 ufetubi (D:5)
  A worm (D:2)
  44 orcs
  3 bats
  7 endoplasms
  A giant cockroach (D:3)
  15 hobgoblins
  4 jackals (D:2)
  3 quokkas
  7 ball pythons
  8 frilled lizards (D:1)
  18 goblins
  15 kobolds
  6 rats
  A bush (D:1)
360 creatures vanquished.

Vanquished Creatures (others)
  19 plants
19 creatures vanquished.

Grand Total: 379 creatures vanquished

Notes
Turn   | Place    | Note
-------+----------+-------------------------------------------
     0 | D:1      | 13Fox the Minotaur Fighter began the quest for the Orb.
     0 | D:1      | Reached XP level 1. HP: 19/19 MP: 0/0
   114 | D:1      | Reached XP level 2. HP: 27/27 MP: 1/1
   238 | D:2      | Reached skill level 3 in Axes
   390 | D:1      | Reached skill level 1 in Dodging
   561 | D:1      | Found a faded altar of an unknown god.
   930 | D:1      | Reached XP level 3. HP: 33/33 MP: 2/2
  1587 | D:2      | Noticed Sigmund
  1596 | D:2      | Killed Sigmund
  1597 | D:2      | Reached skill level 4 in Axes
  1597 | D:2      | Reached XP level 4. HP: 41/41 MP: 3/3
  1597 | D:2      | Reached XP level 5. HP: 47/47 MP: 4/4
  1799 | D:3      | Noticed an ice beast
  1817 | D:3      | Killed an ice beast
  1818 | D:3      | Reached skill level 5 in Fighting
  1818 | D:3      | Reached skill level 5 in Axes
  1818 | D:3      | Reached XP level 6. HP: 39/56 MP: 5/5
  2031 | D:3      | Noticed Ijyb
  2038 | D:3      | Killed Ijyb
  2039 | D:3      | Reached skill level 5 in Shields
  2240 | D:3      | Noticed Robin
  2243 | D:3      | Killed Robin
  2298 | D:4      | Reached skill level 6 in Axes
  2406 | D:4      | Reached XP level 7. HP: 61/61 MP: 6/6
  2464 | D:5      | Entered Level 5 of the Dungeon
  2740 | D:5      | Reached skill level 7 in Axes
  2852 | D:4      | Found a sacrificial altar of Ru.
  3088 | D:5      | Found a staircase to the Ecumenical Temple.
  3106 | Temple   | Entered the Ecumenical Temple
  3154 | D:5      | Reached XP level 8. HP: 71/71 MP: 7/7
  3187 | D:6      | Found a bloodstained altar of Trog.
  3449 | D:6      | Noticed Grinder
  3449 | D:6      | Paralysed by Grinder for 3 turns
  3494 | D:6      | Killed Grinder
  3495 | D:6      | Reached skill level 8 in Axes
  3581 | D:7      | Reached skill level 9 in Axes
  3710 | D:6      | Reached skill level 10 in Axes
  3817 | D:6      | Identified a scroll of acquirement
  3817 | D:6      | Acquired a +5 ring of evasion
  3890 | D:6      | Reached XP level 9. HP: 77/81 MP: 8/8
  4073 | D:6      | Found a white marble altar of Elyvilon.
  4380 | D:8      | Reached skill level 11 in Axes
  5033 | D:8      | Paralysed by a hornet for 3 turns
  5291 | D:8      | Reached skill level 12 in Axes
  5291 | D:8      | Reached skill level 5 in Armour
  5556 | D:8      | Reached skill level 5 in Dodging
  5570 | D:8      | Noticed Maurice
  5583 | D:8      | Killed Maurice
  5584 | D:8      | Reached XP level 10. HP: 87/91 MP: 9/9
  5889 | D:9      | Found a glowing silver altar of Zin.
  5891 | D:9      | Found a glowing golden altar of the Shining One.
  5892 | D:9      | Found a hide-covered altar of Uskayaw.
  5903 | D:9      | Became a worshipper of Uskayaw the Reveller
  5937 | D:9      | Noticed a boulder beetle
  5941 | D:9      | Reached * piety under Uskayaw
  5942 | D:9      | Reached ** piety under Uskayaw
  5946 | D:9      | Reached *** piety under Uskayaw
  5953 | D:9      | Reached **** piety under Uskayaw
  5955 | D:9      | Killed a boulder beetle
  5996 | D:9      | Found a staircase to the Lair.
  6010 | D:10     | Entered Level 10 of the Dungeon
  6058 | D:10     | Reached skill level 10 in Fighting
  6058 | D:10     | Reached skill level 13 in Axes
  6420 | D:10     | Noticed a two-headed ogre
  6424 | D:10     | Found a flagged portal.
  6429 | D:10     | Killed a two-headed ogre
  6469 | Bailey   | Entered a bailey
  6494 | Bailey   | Reached ***** piety under Uskayaw
  6914 | D:9      | Noticed a two-headed ogre
  6918 | D:9      | Killed a two-headed ogre
  6919 | D:9      | Reached skill level 14 in Axes
  6919 | D:9      | Reached XP level 11. HP: 101/101 MP: 10/10
  6947 | D:9      | Found a shimmering blue altar of Sif Muna.
  7574 | D:10     | Reached skill level 1 in Invocations
  7612 | D:10     | Gained mutation: Your magical capacity is low. (-10% MP) [a
                  | neqoxec]
  7631 | D:10     | Reached ****** piety under Uskayaw
  7800 | D:10     | Reached skill level 15 in Axes
  8004 | D:11     | Identified the +8 dagger of Makhleb's Favour {flame, rCorr
                  | Dex+3}
  8184 | D:11     | Noticed a purple ugly thing
  8187 | D:11     | Noticed a deep elf pyromancer
  8196 | D:11     | Killed a purple ugly thing
  8199 | D:11     | Noticed a five-headed hydra
  8208 | D:11     | Killed a six-headed hydra
  8209 | D:11     | Reached skill level 16 in Axes
  8209 | D:11     | Reached XP level 12. HP: 36/112 MP: 11/12
  8209 | D:11     | Noticed a boulder beetle
  8222 | D:11     | HP: 3/112 [fire elemental[a deep elf pyromancer] (4)]
  8224 | D:11     | Killed a boulder beetle
  8329 | D:11     | Reached skill level 5 in Invocations
  8426 | D:11     | Found the necklace of Bloodlust {Fury *Rage Will++ Int-3
                  | Slay+6}
  8638 | D:11     | Found a runed translucent door.
  8638 | D:11     | Noticed a four-headed hydra
  8639 | D:11     | Noticed an ettin
  8642 | D:11     | Found a runed translucent door.
  8642 | D:11     | Found a runed translucent door.
  8653 | D:11     | Killed an ettin
  8807 | D:11     | Killed a six-headed hydra
  8808 | D:11     | Reached skill level 17 in Axes
  9173 | D:12     | Noticed Josephine
  9193 | D:12     | Killed Josephine
  9248 | D:12     | Found a staircase to the Orcish Mines.
  9249 | D:12     | Identified the +7 dagger of Nubrifef {freeze, Str+3}
  9294 | D:12     | Noticed Kirke
  9303 | D:12     | Killed Kirke
  9305 | D:12     | Reached skill level 18 in Axes
  9380 | D:12     | Reached XP level 13. HP: 121/122 MP: 15/15
  9389 | D:12     | Noticed Rupert
  9403 | D:12     | Mangled by Rupert

Illustrated notes

Levels and vault maps discovered:
D:1:      mrwooster_arrival_statue_2, layout_basic, basic_ecumenical_altar,
          serial_forest, infiniplex_forest_end_2,
          infiniplex_forest_lined_corner, infiniplex_forest_lined_corner,
          infiniplex_forest_clump_double, infiniplex_forest_corner_1,
          minmay_lizard_pond
D:2:      layout_basic, uniq_sigmund
D:3:      layout_rooms, uniq_ijyb, uniq_robin
D:4:      layout_rooms, hangedman_ru_absence, serial_bayou_lagoon_a,
          minivault_23
D:5:      layout_rooms, minmay_temple_entry_overgrown
D:6:      layout_basic, kennysheep_little_box,
          mainiacjoe_overflow_concentric_impassable, uniq_grinder
D:7:      layout_loops_ring
D:8:      layout_gridville, chequers_avenue, uniq_maurice
D:9:      layout_basic, lemuel_doored_altar,
          chequers_temple_overflow_statue_of_worship, lair_entry_dummy,
          nrook_campfire, minmay_misc_feat_tiny
D:10:     layout_stronghold, enter_bailey_3, hangedman_weighted_door,
          centaur_isle
D:11:     minmay_the_grid_four_pointed_star
          [minmay_the_grid_triangle_9x9_sparse_checkered,
          minmay_the_grid_triangle_9x9_fully_insulated_deathbox,
          minmay_the_grid_triangle_9x9_stretched_checkered,
          minmay_the_grid_triangle_9x9_sprig,
          minmay_the_grid_prize_shrinking_boxes], layout_rooms, minivault_27
D:12:     minmay_tearing_corner, layout_loops_cross, erik_orc_4, uniq_josephine,
          uniq_rupert, uniq_kirke
D:13:     layout_layer_cave, david_vaults_4, hangedman_decor_clover_reticule
Temple:   hellmonk_temple_two_chambers

Skill      XL: |  1  2  3  4  5  6  7  8  9 10 11 12 |
---------------+-------------------------------------+-----
Axes           | 3 4 5 6 7 10 12 14 16 18 | 18.0
Dodging        | 1 2 3 5 6 |  6.9
Fighting       | 4 5 6 8 9 10 12 13 | 13.6
Shields        | 4 5 6 |  6.2
Armour         | 5 7 |  7.3
Invocations    | 4 7 |  7.1

Action                     |  1- 3 |  4- 6 |  7- 9 | 10-12 | 13-15 || total
---------------------------+-------+-------+-------+-------+-------++-------
  Melee: War axe           |   141 |    79 |   232 |       |       ||   452
         Headbutt          |    17 |    12 |    45 |    90 |     2 ||   166
         Broad axe         |       |       |    16 |   423 |     5 ||   444
         Flail             |       |       |       |    14 |       ||    14
  Throw: Dart              |       |       |       |     1 |       ||     1
         Throwing net      |       |       |       |       |     4 ||     4
  Evoke: Wand              |       |       |     1 |     2 |       ||     3
    Use: Potion            |     1 |       |       |     4 |       ||     5
         Scroll            |       |       |    14 |    14 |       ||    28
   Stab: Paralysed         |       |       |       |    45 |       ||    45
         Held in net/web   |       |       |       |       |     1 ||     1
 Armour: Scale mail        |    47 |    21 |    89 |       |       ||   157
         Plate armour      |       |       |     8 |   297 |       ||   305
  Dodge: Dodged            |    48 |    29 |   142 |   393 |       ||   612
  Block: Buckler           |    23 |    15 |    86 |   131 |       ||   255
